[Event "Titled Tuesday Blitz December 20 Late 2022"]
[White "Itkis, Boris"]
[Black "Rangel, Daniel"]
[WhiteFideId "1209167"]
[BlackFideId "2124475"]
[WhiteElo "2216"]
[BlackElo "2225"]
[Result "0-1"]
[Round "02"]
[TimeControl "180+1"]
[Date "2022.12.21"]
[WhiteClock "0:00:12"]
[BlackClock "0:01:28"]

1. e4 c5 2. Nf3 g6 3. d4 cxd4 4. Nxd4 Bg7 5. c4 Nc6 6. Be3 Nf6 7. Nc3 O-O 8. Be2 Nxd4 9. Bxd4 d6 10. O-O Bd7 11. b3 Bc6 12. f3 Nd7 13. Bxg7 Kxg7 14. Qd4+ f6 15. b4 b6 16. a4 a5 17. Rfb1 axb4 18. Rxb4 Nc5 19. Rab1 Ra6 20. Bf1 Qc7 21. g3 Rfa8 22. Bg2 Ne6 23. Qe3 Nc5 24. Qd4 R8a7 25. Kh1 Nxa4 26. Nxa4 Rxa4 27. Rxb6 Be8 28. Bf1 Bf7 29. R6b4 Rxb4 30. Rxb4 Ra2 31. Kg1 Qa5 32. Qb6 Qa3 33. Rb3 Qc1 34. Re3 Bxc4 0-1


[Site "https://www.chess.com"]

[Event "Titled Tuesday Blitz December 20 Late 2022"]
[White "Ivanov, Mike"]
[Black "Rose, Felix"]
[WhiteFideId "2613158"]
[BlackFideId "5105722"]
[WhiteElo "2237"]
[BlackElo "2039"]
[Result "1-0"]
[Round "02"]
[TimeControl "180+1"]
[Date "2022.12.21"]
[WhiteClock "0:00:10"]
[BlackClock "0:00:01"]

1. e4 c5 2. Nf3 d6 3. d4 cxd4 4. Nxd4 Nf6 5. Nc3 a6 6. Be2 e5 7. Nb3 Be7 8. Be3 Be6 9. Nd5 Nbd7 10. Qd3 O-O 11. O-O Rc8 12. c4 Re8 13. Rac1 Bf8 14. Rfd1 h6 15. a4 Bxd5 16. exd5 e4 17. Qd2 Ne5 18. Na5 b6 19. Nb3 a5 20. Nd4 Qd7 21. b3 Qd8 22. b4 Qd7 23. bxa5 bxa5 24. Nb5 Qd8 25. c5 dxc5 26. d6 c4 27. Nc7 Rxc7 28. dxc7 Qxc7 29. Bf4 Bb4 30. Qd4 Re6 31. Bxc4 Kh7 32. Bxe6 Nf3+ 33. gxf3 Qxf4 34. Bh3 Qg5+ 35. Kh1 exf3 36. Rg1 1-0


[Site "https://www.chess.com"]

[Event "Titled Tuesday Blitz December 20 Late 2022"]
[White "Janaszak, Dawid"]
[Black "Lopez Idarraga, Daniel Eduardo"]
[WhiteFideId "1119206"]
[BlackFideId "4405501"]
[WhiteElo "2220"]
[BlackElo "2064"]
[Result "1-0"]
[Round "02"]
[TimeControl "180+1"]
[Date "2022.12.21"]
[WhiteClock "0:01:24"]
[BlackClock "0:01:08"]

1. e4 e6 2. b3 d5 3. Bb2 dxe4 4. Nc3 Nf6 5. Qe2 Bb4 6. O-O-O Qe7 7. Kb1 Ba3 8. Ba1 a5 9. g4 h6 10. h4 a4 11. Bg2 axb3 12. cxb3 Nc6 13. g5 hxg5 14. hxg5 Rxh1 15. gxf6 Qxf6 16. Bxh1 Nd4 17. Nxe4 Nxe2 18. Nxf6+ gxf6 19. Nxe2 e5 20. Be4 Ke7 21. d4 f5 22. Bc2 e4 23. d5 Bd6 24. Nd4 Bd7 25. f3 e3 26. Nxf5+ Bxf5 27. Bxf5 Rg8 28. Re1 Bf4 29. Bd4 Rg5 30. Bxe3 Rxf5 31. Bxf4+ Kd7 32. Re4 Rxd5 33. Kc2 Ra5 34. a4 f6 35. Rc4 c6 36. Rb4 b5 37. Rd4+ Ke6 38. Bd2 Ra7 39. axb5 cxb5 40. Rb4 Rb7 41. Be3 Kd5 42. Kd3 Kc6 43. Rf4 Rd7+ 44. Bd4 1-0


[Site "https://www.chess.com"]

[Event "Titled Tuesday Blitz December 20 Late 2022"]
[White "Jaracz, Pawel"]
[Black "Jimenez Almeida, Luis David"]
[WhiteFideId "1102222"]
[BlackFideId "22242244"]
[WhiteElo "2460"]
[BlackElo "2158"]
[Result "1-0"]
[Round "02"]
[TimeControl "180+1"]
[Date "2022.12.21"]
[WhiteClock "0:00:59"]
[BlackClock "0:00:39"]

1. d4 g6 2. e4 Bg7 3. Nc3 c5 4. dxc5 Qa5 5. Bd2 Qxc5 6. Nd5 b6 7. Bb4 Qc6 8. Bb5 Qb7 9. Bc3 Bxc3+ 10. Nxc3 Nf6 11. Qd4 Nc6 12. Qe3 O-O 13. Nf3 d6 14. h3 a6 15. Bd3 b5 16. Qh6 Ne5 17. Ng5 e6 18. f4 Nxd3+ 19. cxd3 Rd8 20. e5 Qxg2 21. exf6 Qxh1+ 22. Kd2 Qh2+ 23. Ne2 1-0


[Site "https://www.chess.com"]

[Event "Titled Tuesday Blitz December 20 Late 2022"]
[White "Jarmula, Lukasz"]
[Black "Chigaev, Maksim"]
[WhiteFideId "1160664"]
[BlackFideId "4108116"]
[WhiteElo "2357"]
[BlackElo "2542"]
[Result "0-1"]
[Round "02"]
[TimeControl "180+1"]
[Date "2022.12.20"]
[WhiteClock "0:00:05"]
[BlackClock "0:00:06"]

1. e4 c5 2. Nf3 d6 3. Bb5+ Bd7 4. c4 Nf6 5. Nc3 Nc6 6. O-O g6 7. Bxc6 Bxc6 8. d4 cxd4 9. Nxd4 Bg7 10. Qd3 O-O 11. b3 a6 12. Bb2 Rc8 13. Nd5 Bd7 14. Rfe1 b5 15. cxb5 axb5 16. Nxf6+ Bxf6 17. Qd2 Qb6 18. Nf3 Bxb2 19. Qxb2 b4 20. e5 Bf5 21. exd6 exd6 22. Qf6 Rc2 23. Nd4 Rd2 24. Red1 Rb2 25. h4 h5 26. Rf1 Bd3 27. Nf5 Bxf5 28. Qxb2 d5 29. Rfe1 d4 30. Rad1 d3 31. Re3 Rd8 32. Rde1 Qc6 33. Qd2 Qc3 34. Rd1 Kg7 35. f3 Qd4 36. Qf2 Qc3 37. Rd2 Rc8 38. Kh2 Qf6 39. g4 hxg4 40. fxg4 Bxg4 41. Qxf6+ Kxf6 42. Rexd3 Bf5 43. Rd4 Rb8 44. Rc4 Be6 45. Rf4+ Ke5 46. Rdd4 f5 47. Rxb4 Rd8 48. Ra4 Rd2+ 49. Kg3 Bd5 50. Rfb4 Rg2+ 51. Kh3 Rd2 52. Rb5 f4 53. Raa5 f3 54. Kg3 Rg2+ 55. Kh3 Kf4 56. Rxd5 Rg3+ 57. Kh2 Rg2+ 58. Kh1 Rb2 59. Ra4+ Kg3 60. Rg5+ Kh3 61. Rg1 Rh2# 0-1


[Site "https://www.chess.com"]

[Event "Titled Tuesday Blitz December 20 Late 2022"]
[White "Jarocka, Liwia"]
[Black "Movahed, Sina"]
[WhiteFideId "21807558"]
[BlackFideId "42520835"]
[WhiteElo "1989"]
[BlackElo "2225"]
[Result "0-1"]
[Round "02"]
[TimeControl "180+1"]
[Date "2022.12.21"]
[WhiteClock "0:01:23"]
[BlackClock "0:01:23"]

1. d4 Nf6 2. Nf3 g6 3. g3 Bg7 4. Bg2 O-O 5. O-O d6 6. c4 Nbd7 7. Nc3 e5 8. Bg5 h6 9. Bxf6 Bxf6 10. Nd5 Bg7 11. e3 e4 12. Nd2 f5 13. Rc1 c6 14. Nc3 Nf6 15. d5 c5 16. Kh1 h5 17. h3 h4 18. gxh4 Nh5 19. Kg1 Qxh4 20. Ne2 f4 21. exf4 Nxf4 22. Nxf4 Rxf4 23. Qb3 Bf5 24. Rce1 Bd4 25. Re2 Rf8 26. Kh1 Bxf2 27. Qxb7 Bxh3 0-1


[Site "https://www.chess.com"]

[Event "Titled Tuesday Blitz December 20 Late 2022"]
[White "Jobava, Baadur"]
[Black "Mendez Fortes, Eduardo Jesus"]
[WhiteFideId "13601520"]
[BlackFideId "3502376"]
[WhiteElo "2582"]
[BlackElo "2307"]
[Result "1-0"]
[Round "02"]
[TimeControl "180+1"]
[Date "2022.12.20"]
[WhiteClock "0:00:31"]
[BlackClock "0:00:38"]

1. b3 Nf6 2. Bb2 d5 3. d3 c5 4. Nd2 Nc6 5. g3 d4 6. Bg2 e5 7. Ngf3 Bd6 8. O-O O-O 9. c4 h6 10. e3 Bf5 11. e4 Bh7 12. a3 a5 13. Nh4 a4 14. bxa4 Nd7 15. Nf5 Bc7 16. Bc1 Nb6 17. Rb1 Ra7 18. Qg4 Qg5 19. Qh3 Qf6 20. f4 exf4 21. gxf4 Nxa4 22. Kh1 Nc3 23. Rb5 Nxb5 24. cxb5 Ne7 25. Nxe7+ Qxe7 26. Nc4 Ra4 27. e5 b6 28. Rg1 Rxc4 29. dxc4 Qe6 30. Qb3 Bf5 31. Bd5 Qe7 32. a4 Rb8 33. Bd2 Kh8 34. Qg3 f6 35. e6 Rd8 36. Re1 Re8 37. Qf3 Qd6 38. Qh5 Rxe6 39. Rxe6 Bxe6 40. Qe8+ Kh7 41. Bxe6 1-0


[Site "https://www.chess.com"]

[Event "Titled Tuesday Blitz December 20 Late 2022"]
[White "Joubert, Dantelle"]
[Black "Battlecruiser_Operational"]
[WhiteFideId "14310813"]
[WhiteElo "1507"]
[BlackElo "2422"]
[Result "0-1"]
[Round "02"]
[TimeControl "180+1"]
[Date "2022.12.21"]
[WhiteClock "0:00:04"]
[BlackClock "0:00:10"]

1. d4 e6 2. c4 f5 3. Nf3 Nf6 4. g3 d5 5. Bg2 c6 6. O-O Bd6 7. b3 Qe7 8. a4 O-O 9. Ba3 Nbd7 10. Ne5 Bxa3 11. Nxa3 Nxe5 12. dxe5 Ng4 13. Qd4 c5 14. Qb2 d4 15. f4 Ne3 16. Rf3 Nxg2 17. Kxg2 Bd7 18. Rff1 Bc6+ 19. Kg1 Rad8 20. Nb5 g5 21. Qd2 gxf4 22. Qxf4 Kh8 23. Nd6 Rg8 24. h3 Rg7 25. Kh2 Rdg8 26. Rg1 b6 27. a5 h5 28. Qh6+ Rh7 29. Qf6+ Qxf6 30. exf6 Rd7 31. f7 Rf8 32. Nb5 Bxb5 33. cxb5 Rfxf7 34. axb6 axb6 35. Ra8+ Kg7 36. Ra6 Rd6 37. Rga1 e5 38. Ra7 Rxa7 39. Rxa7+ Kf6 40. Kg2 e4 41. Kf2 h4 42. gxh4 f4 43. Rc7 d3 44. exd3 Rxd3 45. Rc6+ Ke5 46. Rxb6 Rxb3 47. Rb8 Rxh3 48. b6 Rh2+ 49. Kg1 Rb2 50. b7 Kd6 0-1


[Site "https://www.chess.com"]

[Event "Titled Tuesday Blitz December 20 Late 2022"]
[White "Kamsky, Gata"]
[Black "Czopor, Maciej"]
[WhiteFideId "2000024"]
[BlackFideId "21805431"]
[WhiteElo "2666"]
[BlackElo "2324"]
[Result "1-0"]
[Round "02"]
[TimeControl "180+1"]
[Date "2022.12.20"]
[WhiteClock "0:01:25"]
[BlackClock "0:00:03"]

1. e4 c5 2. Nf3 Nc6 3. d4 cxd4 4. Nxd4 Nf6 5. Nc3 e6 6. Ndb5 d6 7. Bf4 e5 8. Bg5 a6 9. Na3 b5 10. Nd5 Be7 11. Bxf6 Bxf6 12. c4 b4 13. Nc2 O-O 14. b3 Rb8 15. Be2 Bg5 16. Bg4 Be6 17. O-O Qd7 18. h3 g6 19. Bxe6 fxe6 20. Nde3 Bxe3 21. Nxe3 Nd4 22. Nc2 Qa7 23. Qd3 Qc5 24. Rad1 Nxc2 25. Qxc2 Rb6 26. Rd3 Rf4 27. Qe2 h5 28. g3 Rf7 29. Kg2 a5 30. Rfd1 Kg7 31. Rf3 Rbb7 32. Rfd3 Rb6 33. R1d2 Kh7 34. h4 Kg7 35. Qe3 Qc7 36. f3 Rc6 37. Rf2 Ra6 38. f4 exf4 39. Rxf4 Rxf4 40. Qxf4 Qf7 41. e5 Qxf4 42. gxf4 dxe5 43. fxe5 a4 44. Kf3 axb3 45. axb3 Ra5 46. Ke4 g5 47. hxg5 Kg6 48. Rd6 Kxg5 49. Rxe6 Ra3 50. Re8 Rxb3 51. Rg8+ Kh4 52. e6 Rb1 53. Kd5 Rd1+ 54. Kc5 b3 55. e7 b2 56. e8=Q b1=Q 57. Qe7+ Kh3 58. Qe3+ Kh2 59. Qg3+ Kh1 60. Qg2# 1-0


[Site "https://www.chess.com"]

[Event "Titled Tuesday Blitz December 20 Late 2022"]
[White "Kaplan, Avi Harrison"]
[Black "Wieczorek, Zbigniew"]
[WhiteFideId "30934559"]
[BlackFideId "1102001"]
[WhiteElo "1983"]
[BlackElo "2230"]
[Result "1-0"]
[Round "02"]
[TimeControl "180+1"]
[Date "2022.12.21"]
[WhiteClock "0:00:08"]
[BlackClock "0:00:01"]

1. d4 g6 2. c4 Bg7 3. e4 d6 4. Nc3 Nf6 5. Nge2 O-O 6. Ng3 e5 7. d5 c6 8. Be2 cxd5 9. cxd5 h5 10. Bg5 Qa5 11. Qd2 Nbd7 12. h4 Nc5 13. O-O-O Bd7 14. Kb1 b5 15. Bxf6 Bxf6 16. Nxb5 Qb6 17. Na3 Na4 18. Nc4 Qxf2 19. Nxh5 gxh5 20. Rdf1 Qd4 21. Qxd4 exd4 22. Rxf6 Bg4 23. Bxg4 hxg4 24. Nxd6 Rab8 25. b3 Nc3+ 26. Kc2 Rb6 27. Kd3 Nb5 28. Nxb5 Rxf6 29. Nxd4 Rf2 30. a4 Rxg2 31. Nf5 Rb8 32. Rb1 g3 33. Ke3 Rc2 34. b4 g2 35. Kf3 Rxb4 36. Rg1 Rb3+ 37. Ne3 Rcc3 38. Rxg2+ Kf8 39. Re2 f6 40. Kf4 Rb4 41. Nf5 Rxa4 42. d6 Rd3 43. Rb2 Ra5 44. Rb8+ Kf7 45. Rb7+ Kf8 46. h5 Rxf5+ 47. Kxf5 Rxd6 48. Rxa7 Kg8 49. Kg6 1-0


[Site "https://www.chess.com"]

[Event "Titled Tuesday Blitz December 20 Late 2022"]
[White "Karas, Marek"]
[Black "De Souza, Cristiano Gomes"]
[WhiteFideId "14928558"]
[BlackFideId "2151758"]
[WhiteElo "2247"]
[BlackElo "2068"]
[Result "0-1"]
[Round "02"]
[TimeControl "180+1"]
[Date "2022.12.21"]
[WhiteClock "0:00:03"]
[BlackClock "0:00:57"]

1. h4 Nf6 2. d4 d6 3. Nc3 c6 4. e4 b5 5. a3 Bb7 6. Bd3 a5 7. f3 Nbd7 8. Be3 e5 9. Nge2 b4 10. axb4 axb4 11. Na4 exd4 12. Nxd4 Ne5 13. b3 Be7 14. Nf5 O-O 15. Nxe7+ Qxe7 16. Bf2 d5 17. O-O Rfd8 18. Nc5 Rxa1 19. Qxa1 d4 20. Nxb7 Qxb7 21. Bxd4 Nxd3 22. cxd3 Qe7 23. Bxf6 gxf6 24. d4 Qd6 25. Rc1 Qg3 26. Qb2 Qxh4 27. Qf2 Qg5 28. Rxc6 Kh8 29. d5 Rg8 30. Rc2 h5 31. Re2 h4 32. Qe3 Qg6 33. Qf4 h3 34. g4 Ra8 35. Kh2 Qh7 36. Qg3 Kg7 37. Qxh3 Qg6 38. Kg2 Rh8 39. Qg3 Qh6 40. Kf2 Qh1 41. Ke3 Qb1 42. g5 Qxb3+ 43. Kf2 fxg5 44. Qxg5+ Kf8 45. Qd8+ Kg7 46. Qg5+ Kf8 47. Kg2 Rg8 48. Qxg8+ Kxg8 49. Kf2 Qc3 50. Re3 Qd2+ 51. Re2 Qd4+ 52. Ke1 b3 53. Rd2 Qc3 54. d6 b2 55. d7 b1=Q+ 56. Ke2 Qc4+ 57. Kf2 Qbf1+ 58. Kg3 Qc7+ 0-1


[Site "https://www.chess.com"]

[Event "Titled Tuesday Blitz December 20 Late 2022"]
[White "Kazakouski, Valery"]
[Black "Winterberg, Lukas"]
[WhiteFideId "13507443"]
[BlackFideId "24622702"]
[WhiteElo "2516"]
[BlackElo "2350"]
[Result "1/2-1/2"]
[Round "02"]
[TimeControl "180+1"]
[Date "2022.12.21"]
[WhiteClock "0:00:08"]
[BlackClock "0:00:05"]

1. Nf3 Nf6 2. c4 e6 3. g3 d5 4. b3 Be7 5. Bg2 O-O 6. O-O c5 7. e3 d4 8. exd4 cxd4 9. Re1 Nc6 10. Bb2 Ng4 11. d3 f6 12. a3 a5 13. Qc2 e5 14. Nbd2 Bd7 15. c5 Nh6 16. b4 axb4 17. axb4 Rxa1 18. Rxa1 Nf7 19. Qb3 b5 20. Ne4 Kh8 21. h4 Qc8 22. Bc1 Be6 23. Qb2 h6 24. Ned2 f5 25. Qa3 g5 26. hxg5 hxg5 27. Nb3 g4 28. Nfd2 Kg7 29. Na5 Bd7 30. Ndb3 Ng5 31. Bxg5 Bxg5 32. Nxc6 Bxc6 33. Qa7+ Rf7 34. Qb6 Bxg2 35. Kxg2 f4 36. Ra6 Qf5 37. Ra7 f3+ 38. Kg1 Qxd3 39. Rxf7+ Kxf7 40. Qb7+ Kg6 41. Qc6+ Bf6 42. Qe8+ Kh6 43. Qe6 Kg5 44. Qg8+ Qg6 45. Qxg6+ Kxg6 46. c6 Bd8 47. Nc5 Kf5 48. Kf1 e4 49. Ke1 Ke5 50. Kd2 Kd5 51. Ke1 Bb6 52. Nd7 Bc7 53. Nf6+ Kxc6 54. Nxe4 Kd5 55. Nf6+ Kc4 56. Nxg4 Kxb4 57. Nh2 Kc3 58. Nxf3 b4 59. Kd1 b3 60. Nd2 b2 61. Nb1+ Kd3 62. f4 Bd6 63. Nd2 Bb4 64. Nb1 Bd6 65. Nd2 Ke3 66. Nc4+ Kf3 67. Nxb2 Kxg3 68. f5 Kf4 69. Ke2 Kxf5 70. Kd3 Ke5 71. Nc4+ Kd5 72. Nxd6 Kxd6 73. Kxd4 1/2-1/2


[Site "https://www.chess.com"]

[Event "Titled Tuesday Blitz December 20 Late 2022"]
[White "Kim, Sergey"]
[Black "Dias, Joao Batista"]
[WhiteFideId "13700570"]
[BlackFideId "2108240"]
[WhiteElo "2487"]
[BlackElo "1898"]
[Result "1-0"]
[Round "02"]
[TimeControl "180+1"]
[Date "2022.12.21"]
[WhiteClock "0:01:26"]
[BlackClock "0:01:37"]

1. d4 d5 2. c4 c6 3. Nf3 Nf6 4. Qc2 g6 5. e3 Bg7 6. Bd3 O-O 7. Nbd2 Bg4 8. O-O Bxf3 9. Nxf3 Nbd7 10. b4 Re8 11. Bb2 Rc8 12. h3 Nh5 13. Ne5 Nxe5 14. dxe5 Bh6 15. Rad1 dxc4 16. Bxg6 hxg6 17. Rxd8 Rexd8 18. Qxc4 Ng7 19. Bd4 b6 20. f4 Ne6 21. Kh2 c5 22. bxc5 bxc5 23. Bc3 Rd7 24. f5 gxf5 25. Rxf5 Bxe3 26. Qg4+ Kf8 27. Qf3 Bh6 28. Rxf7+ Ke8 29. h4 Rd5 30. Rh7 Bf4+ 31. g3 Bxg3+ 32. Kxg3 Rcd8 33. Qf7+ Kd7 34. Qxe7+ Kc6 35. Qxe6+ 1-0


[Site "https://www.chess.com"]

[Event "Titled Tuesday Blitz December 20 Late 2022"]
[White "Korchmar, Vasiliy"]
[Black "Forgacs, Attila Jr."]
[WhiteFideId "24131750"]
[BlackFideId "773654"]
[WhiteElo "2370"]
[BlackElo "2168"]
[Result "0-1"]
[Round "02"]
[TimeControl "180+1"]
[Date "2022.12.21"]
[WhiteClock "0:01:37"]
[BlackClock "0:01:35"]

1. e4 e5 2. Nf3 Nc6 3. Bc4 Nf6 4. d3 h6 5. O-O d6 6. c3 g5 7. Re1 Bg7 8. Nbd2 g4 9. Nh4 Nxe4 10. dxe4 Qxh4 11. Nf1 O-O 12. Ng3 Be6 13. Bd5 Qf6 14. Qa4 Bd7 15. Qd1 Rab8 16. Rf1 Qg6 17. f4 gxf3 18. Bf4 exf4 0-1


[Site "https://www.chess.com"]

[Event "Titled Tuesday Blitz December 20 Late 2022"]
[White "Koutlas, Nikolaos"]
[Black "Yuan, Qingyu"]
[WhiteFideId "25827138"]
[BlackFideId "8609772"]
[WhiteElo "2167"]
[BlackElo "2359"]
[Result "1-0"]
[Round "02"]
[TimeControl "180+1"]
[Date "2022.12.21"]
[WhiteClock "0:00:40"]
[BlackClock "0:00:04"]

1. a3 e5 2. c4 c6 3. d4 e4 4. Nc3 d5 5. Bf4 Nf6 6. e3 Bd6 7. Bxd6 Qxd6 8. Nge2 Bg4 9. h3 Bxe2 10. Bxe2 O-O 11. O-O Nbd7 12. Qb3 Rfb8 13. Rac1 a6 14. cxd5 cxd5 15. Na4 b5 16. Nc5 Rc8 17. Nxd7 Qxd7 18. Qb4 Rxc1 19. Rxc1 Rc8 20. Rc5 h5 21. Qc3 Rxc5 22. dxc5 Qc6 23. b4 g6 24. Qe5 Nd7 25. Qe7 Nf8 26. Bd1 Qd7 27. Qxd7 Nxd7 28. Bb3 Kf8 29. Bxd5 f5 30. Bb7 a5 31. c6 axb4 32. cxd7 Ke7 33. axb4 Kxd7 34. Bd5 h4 35. Kf1 Kd6 36. Bf7 g5 37. Be8 Kd5 38. Bxb5 f4 39. Ke2 Kd6 40. Be8 Kd5 41. Bf7+ Kc6 42. Kd2 g4 43. exf4 gxh3 44. gxh3 Kb5 45. Ke2 Kxb4 46. Ke3 Kc5 47. Kxe4 Kd6 48. Bc4 Ke7 49. Kf5 Kf8 50. Kg6 Ke7 51. f5 Ke8 52. Kg7 Ke7 53. f6+ Kd6 54. f7 Ke5 55. f8=Q Ke4 56. Bd3+ Kd4 57. Qd6+ Kc3 58. Be2 Kc2 59. Kf6 Kc3 60. Ke5 Kb3 61. Kd4 Kc2 62. Ke3 Kc1 63. Qc5+ Kb1 64. Kd2 Kb2 65. Qb6+ Ka3 66. Kc3 Ka4 67. Qb4# 1-0


[Site "https://www.chess.com"]

[Event "Titled Tuesday Blitz December 20 Late 2022"]
[White "Kravtsiv, Martyn"]
[Black "Cilek, Bora"]
[WhiteFideId "14113147"]
[BlackFideId "34502165"]
[WhiteElo "2695"]
[BlackElo "2108"]
[Result "1-0"]
[Round "02"]
[TimeControl "180+1"]
[Date "2022.12.20"]
[WhiteClock "0:02:25"]
[BlackClock "0:01:15"]

1. e4 g6 2. d4 Bg7 3. Nc3 c6 4. f4 d5 5. e5 Nh6 6. Nf3 Bg4 7. Bd3 O-O 8. O-O f6 9. h3 Bxf3 10. Rxf3 Nd7 11. e6 Nb6 12. g4 Kh8 13. f5 gxf5 14. gxf5 Ng8 15. Qe1 Bh6 16. Qh4 Bxc1 17. Rxc1 Qd6 18. Kh1 c5 19. Rg1 cxd4 20. Ne2 Nc4 21. Nf4 Ne5 22. Rfg3 Qb4 23. Rg7 h6 24. Rxg8+ 1-0


[Site "https://www.chess.com"]

[Event "Titled Tuesday Blitz December 20 Late 2022"]
[White "Lazavik, Denis"]
[Black "Shuvalova, Polina"]
[WhiteFideId "13515110"]
[BlackFideId "24171760"]
[WhiteElo "2484"]
[BlackElo "2361"]
[Result "1-0"]
[Round "02"]
[TimeControl "180+1"]
[Date "2022.12.20"]
[WhiteClock "0:00:18"]
[BlackClock "0:00:01"]

1. d4 Nf6 2. c4 e6 3. Nf3 d5 4. g3 Bb4+ 5. Bd2 Be7 6. Bg2 c6 7. O-O Nbd7 8. Bf4 O-O 9. Qc2 a5 10. Rd1 h6 11. Ne5 Nh5 12. Bc1 Nhf6 13. Nc3 Nxe5 14. dxe5 Nd7 15. cxd5 cxd5 16. e4 d4 17. Rxd4 Bc5 18. Rd1 Qe7 19. Bf4 g5 20. Bd2 Nxe5 21. Na4 Ba7 22. Bc3 Ng4 23. Bd4 Bxd4 24. Rxd4 e5 25. Rd2 Be6 26. Nb6 Rad8 27. Nd5 Bxd5 28. exd5 Rd6 29. Re1 Rfd8 30. Qc3 Qd7 31. h3 Nf6 32. Rxe5 b6 33. Kh2 Rc8 34. Qd4 Rc5 35. Rde2 Rc8 36. Re7 Qf5 37. R7e5 Qg6 38. Qe3 Rcd8 39. Rd2 Qg7 40. Kg1 Nd7 41. Re7 Nf6 42. Qe5 Qf8 43. Rc7 Qg7 44. Bf3 Nxd5 45. Qxg7+ Kxg7 46. Rb7 Nf6 47. Rc2 R8d7 48. Rb8 Nd5 49. a3 Nf6 50. Kg2 Re7 51. Rc6 Ree6 52. Rbxb6 Rxc6 53. Rxc6 Rxc6 54. Bxc6 Kg6 55. g4 Ng8 56. Kf3 Ne7 57. Bb7 Kf6 58. Ke4 Ke6 59. Kd4 Kd6 60. Kc4 Kc7 61. Be4 Kb6 62. Kd4 f6 63. b3 Kc7 64. Kc5 Nc8 65. Bd3 Nd6 66. Kd5 Kd7 67. f3 Ke7 68. Kc5 Nf7 69. Kb6 Ne5 70. Be2 a4 71. bxa4 Kd6 72. a5 Nd7+ 73. Kb5 Kc7 74. a6 Kb8 75. Kc6 Ne5+ 76. Kd6 Ng6 77. Bf1 Nh4 78. Ke6 Nxf3 79. Kxf6 Nd2 80. Bg2 Nc4 81. Kg6 Ne3 82. Bf3 Nf1 83. Kxh6 Nh2 84. Be2 Ka7 85. Kxg5 1-0


[Site "https://www.chess.com"]

[Event "Titled Tuesday Blitz December 20 Late 2022"]
[White "Leitao, Rafael"]
[Black "Kalajzic, Ivan"]
[WhiteFideId "2101246"]
[BlackFideId "14506378"]
[WhiteElo "2609"]
[BlackElo "2163"]
[Result "1-0"]
[Round "02"]
[TimeControl "180+1"]
[Date "2022.12.21"]
[WhiteClock "0:00:15"]
[BlackClock "0:00:03"]

1. c4 Nc6 2. Nc3 e5 3. Nf3 Bc5 4. e3 d6 5. d4 exd4 6. exd4 Bb4 7. Be2 Bf5 8. O-O Bxc3 9. bxc3 Nge7 10. d5 Ne5 11. Nxe5 dxe5 12. Ba3 O-O 13. Qb3 b6 14. Rad1 Re8 15. c5 Ng6 16. g3 Qg5 17. Bc1 Nf4 18. Bxf4 exf4 19. Bf3 Rad8 20. Qc4 fxg3 21. hxg3 Qg6 22. cxb6 cxb6 23. Rfe1 h5 24. Rxe8+ Rxe8 25. d6 Bg4 26. Bxg4 hxg4 27. d7 Rd8 28. Qc7 Qf6 29. Re1 Kf8 30. a4 g5 31. Re4 a6 32. Re3 b5 33. a5 b4 34. cxb4 Qa1+ 35. Kg2 Qf6 36. b5 axb5 37. a6 b4 38. a7 b3 39. a8=Q Rxa8 40. Qc8+ Qd8 41. Re8+ Qxe8 42. dxe8=Q+ 1-0


[Site "https://www.chess.com"]

[Event "Titled Tuesday Blitz December 20 Late 2022"]
[White "Li, Hui"]
[Black "Postnikov, Artem"]
[WhiteFideId "15400310"]
[BlackFideId "34153575"]
[WhiteElo "1954"]
[BlackElo "2243"]
[Result "1-0"]
[Round "02"]
[TimeControl "180+1"]
[Date "2022.12.21"]
[WhiteClock "0:00:10"]
[BlackClock "0:00:10"]

1. e4 e5 2. Nf3 Nc6 3. Bb5 a6 4. Ba4 Nf6 5. O-O b5 6. Bb3 Be7 7. Re1 O-O 8. c3 d5 9. exd5 Nxd5 10. Nxe5 Nxe5 11. Rxe5 c6 12. d3 Bd6 13. Re1 Bf5 14. Qf3 Re8 15. Rxe8+ Qxe8 16. Nd2 Qe1+ 17. Nf1 Bg6 18. Bxd5 cxd5 19. Qxd5 Rd8 20. Bg5 Qxa1 21. Bxd8 Bf8 22. h4 h5 23. Bb6 Qxb2 24. Qa8 Qxc3 25. d4 Qc1 26. Bc5 Bd3 27. Qxf8+ Kh7 28. Qxf7 Qxf1+ 29. Kh2 Bg6 30. Qf3 Qc4 31. a3 a5 32. Qb7 Qe2 33. Bf8 1-0


[Site "https://www.chess.com"]

[Event "Titled Tuesday Blitz December 20 Late 2022"]
[White "Lindholt, Malik"]
[Black "Ibadov, Dashgyn"]
[WhiteFideId "1404490"]
[BlackFideId "24107514"]
[WhiteElo "2007"]
[BlackElo "2208"]
[Result "0-1"]
[Round "02"]
[TimeControl "180+1"]
[Date "2022.12.21"]
[WhiteClock "0:00:02"]
[BlackClock "0:00:45"]

1. e4 e6 2. d4 d5 3. Nd2 Nf6 4. Bd3 c5 5. c3 Nc6 6. Ngf3 cxd4 7. cxd4 dxe4 8. Nxe4 Bb4+ 9. Nc3 O-O 10. O-O b6 11. Bc2 Bb7 12. Qd3 Be7 13. a3 h6 14. Bf4 Bd6 15. Bxd6 Qxd6 16. Rad1 Rad8 17. Rfe1 Rfe8 18. Ne4 Nxe4 19. Qxe4 g6 20. Qe3 Kg7 21. h4 Ne7 22. h5 Nd5 23. Qe4 f5 24. Qe2 Nf4 25. Qe5+ Qxe5 26. Rxe5 g5 27. Bb3 Kf6 28. Re3 Nxg2 29. Kxg2 g4 30. Rde1 gxf3+ 31. Kg3 Rg8+ 0-1


[Site "https://www.chess.com"]

[Event "Titled Tuesday Blitz December 20 Late 2022"]
[White "Liu, Kelsey"]
[Black "Savanovic, Aleksandar"]
[WhiteFideId "30944481"]
[BlackFideId "914932"]
[WhiteElo "2306"]
[BlackElo "2409"]
[Result "0-1"]
[Round "02"]
[TimeControl "180+1"]
[Date "2022.12.21"]
[WhiteClock "0:00:02"]
[BlackClock "0:01:30"]

1. e4 c6 2. d4 d5 3. e5 Bf5 4. Nc3 e6 5. g4 Bg6 6. Nge2 h5 7. Nf4 hxg4 8. Nxg6 fxg6 9. Qxg4 Qd7 10. Qxg6+ Qf7 11. Bd3 Ne7 12. Qxf7+ Kxf7 13. Bg5 a6 14. O-O-O c5 15. dxc5 Nd7 16. f4 Nxc5 17. Be2 Nf5 18. h4 b5 19. Rdg1 b4 20. Nd1 Rc8 21. Kb1 a5 22. h5 Ne4 23. Rh3 a4 24. h6 Nxh6 25. Bh5+ g6 26. Bxg6+ Kxg6 27. Bxh6+ Kf7 28. Rgh1 Bxh6 29. Rxh6 Rxh6 30. Rxh6 Rg8 31. Kc1 Rg1 32. Rh7+ Kg6 33. Rh2 Kf5 34. c3 bxc3 35. b3 axb3 36. axb3 Kxf4 37. Kc2 Kxe5 38. Nxc3 Nxc3 39. Kxc3 Rg3+ 40. Kc2 d4 41. b4 Kd5 42. b5 Rc3+ 43. Kd2 Rb3 44. Rh5+ e5 45. Rh8 Rxb5 0-1


[Site "https://www.chess.com"]

[Event "Titled Tuesday Blitz December 20 Late 2022"]
[White "Makarian, Rudik"]
[Black "Poliakova, Varvara"]
[WhiteFideId "44105681"]
[BlackFideId "13518313"]
[WhiteElo "2440"]
[BlackElo "2075"]
[Result "1-0"]
[Round "02"]
[TimeControl "180+1"]
[Date "2022.12.20"]
[WhiteClock "0:01:12"]
[BlackClock "0:00:26"]

1. d4 f5 2. Bg5 d6 3. e3 g6 4. h4 Bg7 5. h5 h6 6. Bf4 g5 7. Bh2 e5 8. Nf3 e4 9. Nfd2 Nf6 10. c4 O-O 11. Nc3 Nc6 12. Be2 a5 13. g4 f4 14. exf4 Nxd4 15. f5 Qe7 16. Rg1 e3 17. fxe3 Qxe3 18. Rg3 Qe7 19. Kf1 Nd7 20. Nd5 Qd8 21. Ne4 c6 22. Ndc3 Nc5 23. Bg1 Be5 24. Bxd4 Bxg3 25. Nxg3 Ne6 26. Be3 Nf4 27. Qd2 d5 28. Bxf4 gxf4 29. Qxf4 Qh4 30. cxd5 Kh7 31. Kg2 Rg8 32. Bf3 Qf6 33. Re1 Bd7 34. Kh3 Rae8 35. Rxe8 Rxe8 36. dxc6 Bxc6 37. Bxc6 bxc6 38. Nce4 Qxb2 39. f6 Qe5 40. Qf2 Rf8 41. Qa7+ 1-0


[Site "https://www.chess.com"]